Map: [ESL] Site Delta

Players

DKZDark (Dark) - Winner!

  • Race: Zerg Zerg
  • League: Master
  • Spawn Location: 11:00

GuMiho

  • Race: Terran Terran
  • Spawn Location: 5:00

VOD

Have the link to the VOD?

Description

Time

  • Played on: Dec. 20, 2023, 7:04 a.m.
  • Length: 13:20
Show
View Real Time Build Order
Export as new Build Order

DKZDark Zerg - Winner!

Build Orders: Hatch First 

Get SALT Encoding   

  12  0:00  Drone  
  13  0:12  Overlord  
  13  0:16  Drone  
  14  0:30  Drone  
  14  0:31  Drone  
  16  0:48  Hatchery  
  15  0:52  Drone  
  15  0:54  Drone  
  17  0:57  Drone  
  18  1:08  Drone  
  18  1:09  Extractor  
  18  1:16  Spawning Pool  
  17  1:19  Drone  
  18  1:29  Drone  
  19  1:39  Drone  
  20  1:49  Drone  
  21  2:03  Queen x2  
  21  2:04  Zergling x4  
  27  2:14  Overlord  
  27  2:15  Drone, Metabolic Boost  
  27  2:31  Hatchery  
  27  2:32  Drone  
  27  2:39  Drone x2  
  29  2:49  Overlord  
  29  2:50  Drone  
  29  2:51  Queen  
  29  2:56  Zergling x4  
  33  2:59  Zergling x2  
  33  3:04  Overlord  
  34  3:06  Zergling x2  
  35  3:16  Zergling x4  
  35  3:19  Zergling x2  
  40  3:20  Zergling x4  
  40  3:24  Queen  
  42  3:29  Drone  
  42  3:30  Drone  
  42  3:31  Zergling x2  
  46  3:41  Drone  
  46  3:42  Drone  
  46  3:43  Drone  
  46  3:45  Hatchery  
  46  3:48  Drone  
  47  3:50  Drone x3  
  49  3:58  Overlord  
  49  3:59  Drone  
  50  4:04  Overlord  
  50  4:08  Overlord  
  50  4:10  Drone  
  50  4:16  Queen  
  53  4:17  Drone x3  
  53  4:18  Queen  
  58  4:27  Drone x2  
  60  4:33  Drone x2  
  60  4:34  Drone x3  
  65  4:41  Hatchery  
  65  4:42  Drone  
  65  4:43  Drone x2  
  67  4:49  Drone  
  67  4:51  Queen  
  70  4:58  Lair  
  70  5:02  Extractor  
  70  5:05  Drone x7  
  74  5:08  Drone  
  74  5:09  Drone  
  76  5:15  Drone  
  76  5:20  Drone, Baneling Nest  
  77  5:22  Extractor  
  77  5:23  Drone x2  
  77  5:25  Drone x2  
  77  5:26  Drone, Evolution Chamber x2  
  77  5:28  Drone x2  
  81  5:30  Overlord  
  81  5:32  Overlord  
  81  5:37  Overlord  
  81  5:39  Overlord  
  81  5:42  Overlord  
  81  5:46  Overlord  
  81  5:49  Extractor  
  80  5:50  Extractor  
  80  5:52  Zerg Melee Weapons Level 1  
  80  5:54  Zergling x14  
  86  6:00  Zergling x6  
  89  6:04  Baneling x7  
  89  6:06  Zergling x10  
  94  6:13  Baneling x4  
  94  6:14  Zergling x6  
  94  6:18  Zergling x10  
  101  6:31  Drone x9  
  106  6:33  Drone x2  
  105  6:42  Drone x2  
  105  6:44  Zerg Ground Armor Level 1  
  105  6:46  Zergling x4  
  103  6:50  Burrow  
  103  6:51  Drone  
  103  6:52  Hatchery  
  103  6:53  Infestation Pit  
  100  7:00  Zergling x8  
  103  7:02  Zergling x2  
  103  7:05  Baneling x2  
  103  7:07  Zergling x4  
  103  7:08  Baneling x6  
  106  7:10  Centrifugal Hooks  
  106  7:12  Drone  
  107  7:17  Baneling, Zergling x2  
  107  7:18  Zergling x4  
  107  7:20  Drone  
  111  7:25  Drone  
  111  7:29  Drone x4  
  115  7:30  Drone  
  115  7:34  Hive  
  115  7:36  Infestor  
  116  7:38  Zergling x8  
  116  7:42  Spore Crawler  
  119  7:46  Zergling x2  
  119  7:47  Zergling x12  
  119  7:50  Zerg Melee Weapons Level 2  
  126  7:55  Hatchery  
  126  7:56  Zergling x6  
  127  8:02  Zergling x10  
  127  8:03  Overlord x3  
  127  8:06  Overlord  
  127  8:07  Baneling x3  
  127  8:08  Baneling x9  
  127  8:09  Overlord  
  127  8:13  Zergling x10  
  127  8:17  Zergling x2  
  127  8:19  Overlord  
  133  8:25  Zergling x2  
  133  8:26  Zergling x22  
  145  8:27  Baneling x3  
  145  8:32  Zergling x2  
  145  8:33  Baneling x2  
  145  8:34  Baneling  
  146  8:36  Zergling x4  
  146  8:37  Baneling x13  
  147  8:45  Zergling x22  
  148  8:53  Zergling x14  
  144  9:01  Infestor, Zergling x2, Overseer  
  144  9:02  Zergling x14  
  151  9:04  Zerg Ground Armor Level 2  
  151  9:09  Drone x3  
  154  9:16  Adrenal Glands  
  146  9:26  Zergling x28  
  153  9:31  Infestor  
  153  9:33  Zergling x8  
  154  9:42  Zergling x6  
  154  9:43  Zergling x20  
  152  9:48  Baneling x8  
  152  9:49  Baneling  
  152  9:50  Baneling x5, Zergling x8  
  152  9:51  Zergling x2  
  155  9:53  Overseer  
  155  9:54  Zergling x2  
  155  9:58  Zergling x2  
  155  9:59  Zergling x12  
  160  10:03  Infestor  
  160  10:04  Zergling x4  
  160  10:05  Zergling x2, Overlord  
  160  10:07  Baneling x3, Overlord, Spore Crawler  
  165  10:11  Infestor  
  165  10:12  Pneumatized Carapace  
  164  10:15  Zergling x10  
  164  10:18  Baneling  
  164  10:19  Baneling x2  
  164  10:21  Zergling x2  
  166  10:22  Zergling x8  
  166  10:24  Baneling x3  
  166  10:28  Zergling x4  
  172  10:32  Zergling x2  
  172  10:33  Zergling x2  
  172  10:34  Zergling x4  
  176  10:36  Baneling x4, Zergling x2  
  176  10:39  Zergling x4  
  177  10:46  Zergling x8  
  168  10:56  Zergling x12  
  168  11:04  Zergling x8  
  159  11:07  Drone x2  
  146  11:18  Zergling x2  
  146  11:19  Zergling x8  
  146  11:20  Overlord x2  
  146  11:23  Zergling x8  
  146  11:25  Zergling x2  
  151  11:27  Zergling x2  
  151  11:30  Zergling x2  
  151  11:32  Zergling x4  
  152  11:34  Baneling  
  152  11:35  Baneling x15  
  141  11:40  Zergling x4  
  141  11:45  Zergling x4  
  141  11:46  Extractor  
  143  11:47  Spore Crawler, Extractor  
  143  11:48  Drone x2  
  143  11:49  Drone  
  143  11:52  Zergling x4  
  146  11:58  Zergling x4  
  148  12:03  Zergling x2  
  148  12:04  Infestor  
  148  12:06  Overseer x2  
  148  12:08  Infestor, Zergling x6  
  152  12:12  Zergling x4  
  136  12:21  Zergling x14  
  137  12:25  Baneling x13  
  137  12:26  Baneling x9  
  137  12:27  Zergling x6  
  138  12:36  Zergling x14  
  128  12:38  Overlord x2  
  128  12:43  Zergling x18  
  123  12:50  Zergling x12  
  121  12:58  Zergling x12  
Show
View Real Time Build Order
Export as new Build Order

GuMiho Terran 

Build Orders:  

Get SALT Encoding   

  12  0:00  SCV  
  13  0:12  SCV  
  14  0:17  Supply Depot  
  14  0:24  SCV  
  15  0:39  SCV  
  15  0:40  Barracks  
  16  0:43  Refinery  
  16  0:51  SCV  
  17  0:59  Barracks  
  17  1:03  SCV  
  18  1:15  SCV  
  19  1:27  Orbital Command, Reaper  
  20  1:33  Supply Depot  
  20  1:46  Reaper  
  21  1:53  SCV  
  22  2:02  Reaper  
  22  2:05  SCV  
  24  2:10  Command Center  
  24  2:16  Refinery  
  24  2:17  SCV  
  24  2:19  Reaper  
  26  2:29  SCV  
  27  2:30  Supply Depot  
  27  2:41  SCV  
  28  2:53  SCV  
  28  2:57  Factory  
  29  3:02  Barracks Reactor  
  29  3:08  Command Center  
  29  3:09  SCV  
  29  3:12  Barracks Tech Lab  
  30  3:21  SCV  
  30  3:23  Orbital Command  
  31  3:33  SCV  
  33  3:43  Stimpack  
  33  3:45  SCV  
  33  3:48  Marine, Barracks Reactor  
  31  3:49  Hellion  
  31  3:51  Hellion  
  31  3:52  SCV  
  35  3:57  SCV  
  36  4:04  SCV  
  36  4:06  Marine  
  36  4:08  Starport  
  36  4:09  SCV  
  39  4:11  Hellion  
  39  4:12  Hellion  
  39  4:16  SCV  
  44  4:21  Supply Depot, SCV  
  44  4:22  Orbital Command  
  45  4:24  Marine  
  45  4:25  Marine  
  45  4:27  Marine  
  48  4:31  SCV  
  48  4:34  SCV  
  48  4:36  Hellion  
  48  4:38  Hellion  
  54  4:43  SCV, Marine  
  54  4:44  Marine  
  54  4:45  Marine  
  58  4:46  SCV  
  58  4:48  Medivac  
  58  4:49  SCV  
  62  4:55  Supply Depot, SCV  
  62  4:58  SCV  
  64  5:01  SCV, Marine x2  
  64  5:04  Marine  
  64  5:05  Hellion x2  
  72  5:10  SCV x2  
  74  5:14  Refinery x2  
  74  5:18  Medivac  
  74  5:19  Orbital Command  
  76  5:21  Marine x2, Armory  
  76  5:22  Marine  
  76  5:26  Hellion  
  76  5:28  Hellion  
  83  5:29  SCV  
  83  5:30  SCV  
  83  5:32  Supply Depot  
  85  5:37  Supply Depot  
  85  5:43  Engineering Bay  
  85  5:44  Engineering Bay  
  85  5:50  Barracks  
  85  5:52  Barracks  
  85  5:56  SCV x2  
  87  5:57  SCV, Starport Reactor  
  87  6:02  Supply Depot  
  88  6:04  Barracks  
  88  6:05  Marine  
  89  6:12  Marine x2  
  89  6:15  Hellion  
  89  6:16  Hellion  
  89  6:18  SCV  
  96  6:19  SCV  
  96  6:21  SCV  
  96  6:23  Marine  
  91  6:27  Terran Infantry Weapons Level 1, Terran Infantry Armor Level 1  
  91  6:28  Orbital Command  
  91  6:30  Marine x2  
  76  6:41  Marine  
  71  6:47  Marine x2  
  71  6:48  Marine x2  
  71  6:51  SCV x2  
  74  6:55  SCV  
  74  6:58  Marine  
  76  7:02  Combat Shield  
  76  7:03  SCV x2  
  76  7:05  Supply Depot, Widow Mine x2  
  76  7:06  Marine x2  
  76  7:07  SCV  
  87  7:11  Barracks Reactor  
  87  7:12  Barracks Reactor x2  
  85  7:15  SCV  
  85  7:16  SCV  
  85  7:18  Supply Depot  
  85  7:19  Supply Depot, SCV  
  85  7:21  Marine  
  89  7:23  Marine x2  
  89  7:24  Medivac  
  89  7:27  Widow Mine x2, Medivac  
  89  7:28  SCV x2  
  101  7:31  SCV  
  101  7:36  Supply Depot  
  102  7:37  Supply Depot  
  102  7:40  SCV x2  
  102  7:42  Marauder  
  102  7:43  SCV  
  107  7:48  Marine x4  
  107  7:49  Marine x4  
  107  7:50  Widow Mine x2  
  119  7:52  SCV  
  119  7:56  SCV  
  119  7:57  SCV  
  122  8:03  Marauder  
  122  8:04  SCV  
  123  8:06  Marine x3  
  123  8:07  Medivac x2  
  123  8:09  SCV x2  
  123  8:11  Supply Depot  
  132  8:14  Supply Depot  
  132  8:16  SCV, Marine x5  
  132  8:18  Widow Mine x2  
  142  8:22  Terran Infantry Weapons Level 2  
  142  8:23  Terran Infantry Armor Level 2  
  142  8:24  Marine x2  
  142  8:25  Marauder  
  146  8:32  Orbital Command  
  146  8:37  Medivac x2  
  150  8:45  Marine x2  
  150  8:46  Marine x2, Marauder  
  150  8:47  Marine x2  
  133  8:55  SCV x2  
  124  8:56  Marine x2  
  124  8:59  SCV  
  125  9:03  Marine x2  
  125  9:04  Marine  
  125  9:07  SCV, Marauder  
  125  9:08  SCV, Widow Mine x2  
  136  9:11  SCV  
  136  9:14  Medivac  
  139  9:18  Marine x2  
  139  9:19  SCV  
  139  9:23  Marine  
  139  9:24  Marine x3  
  137  9:26  Marine  
  137  9:29  Marauder, Widow Mine x2  
  137  9:30  Marine  
  147  9:34  SCV x2  
  149  9:41  Marine x2  
  149  9:42  Marine x2  
  125  9:47  Marine x3  
  125  9:48  Marine  
  125  9:50  Marauder  
  124  9:56  SCV x2  
  124  9:58  Widow Mine  
  124  9:59  Marine x2  
  129  10:00  SCV, Marine  
  129  10:05  Concussive Shells  
  129  10:06  Marine  
  132  10:08  Marine x2  
  132  10:12  Marauder  
  136  10:14  Marine x2  
  136  10:17  Marine  
  136  10:18  Marine  
  140  10:23  Widow Mine x2  
  140  10:26  Medivac  
  146  10:30  Medivac  
  146  10:31  Marine  
  146  10:32  Marine  
  150  10:48  Marine, Marauder  
  152  10:53  Marine  
  152  10:54  Marine x2  
  152  10:55  Marine  
  131  11:05  Marine x3  
  131  11:06  Marine  
  131  11:10  Marauder  
  128  11:11  Marine  
  128  11:12  Marine x3  
  128  11:13  Widow Mine x2  
  134  11:23  Marine x4  
  134  11:29  Marine  
  134  11:30  Marine x4  
  134  11:41  Marine x4  
  134  11:47  Marine x2  
  134  11:48  Marine x3  
  139  11:56  Widow Mine  
  139  11:58  Marine, Widow Mine  
  139  11:59  Marine x3  
  147  12:05  Marine x2  
  147  12:06  Marine  
  148  12:15  Marine, Marauder  
  130  12:23  Marine x2  
  130  12:25  Marine x5  
  137  12:32  Marine  
  137  12:36  Marauder  
  125  12:41  Marine  
  125  12:44  Marine x2  
  87  12:52  Marine x2  
  87  12:55  Marine x3  
  87  12:58  Marauder  
  86  12:59  Marine  
  87  13:01  Marine  
  87  13:02  Marine  
Tags
 
League
Master
Matchup
TvZ
Replay Pack
December 2023
Spawn Locations
Cross Positions
Add a new tag
Caveats
  • Supply blocks, unpowered buildings, or Contaminate may cause inaccurate times.
  • Supply counts are checked every 10 seconds.